 Dungeon Crawl Stone Soup version 0.31.0-32-g396128a36d (webtiles) character file.

Game seed: 14864145329694625406

13 Dvallin the Changeling (level 2, 0/25 HPs)
             Began as a Naga Shapeshifter on Mar 31, 2024.
             Slain by an endoplasm (1 damage)
             ... on level 1 of the Dungeon.
             The game lasted 00:00:33 (138 turns).

Dvallin the Changeling (Naga Shapeshifter)           Turns: 138, Time: 00:00:34

Health: 0/25       AC:  1    Str: 16    XL:     2   Next: 37%
Magic:  2/2        EV:  9    Int: 10    God:
Gold:   35         SH:  0    Dex: 10    Spells: 1/1 levels left

rFire   . .          .
                       - Unarmed
rCold   . . .        (no shield)
rNeg    . . .        a - +0 animal skin
rPois   +            (helmet currently unavailable)
rElec   .            (cloak currently unavailable)
rCorr   .            (gloves currently unavailable)
SInv    +            (no barding)
Will    .....        (no amulet)
Stlth   +            (no ring)
HPRegen 0.24/turn    (no ring)
MPRegen 0.08/turn

%: no passive effects
@: beast-form, very slow
A: beast (slay +2), AC +0, large, see invisible, deformed body, poison
resistance, slowness 2, spit poison 1, naga tail 1
a: Spit Poison, Begin Untransformation


You were on level 1 of the Dungeon.
You were a hulking beast.
You visited 1 branch of the dungeon, and saw 1 of its levels.

You collected 35 gold pieces.

Inventory:

Armour
 a - a +0 animal skin (worn)
Talismans
 c - a beast talisman
 d - a flux talisman
Potions
 b - a potion of lignification


   Skills:
 - Level 1.0 Fighting
 - Level 1.5 Dodging
 - Level 3.0 Unarmed Combat
 + Level 3.6 Shapeshifting


You had one spell level left.
You didn't know any spells.
Your spell library was empty.

Dungeon Overview and Level Annotations

Branches:
Dungeon (1/15)

Altars:


Innate Abilities, Weirdness & Mutations

You are a hulking beast.
Your limbs bulge with bestial killing power. (Slay +2)
Your serpentine skin is tough. (AC +0)
You have supernaturally acute eyesight. (SInv)
Armour fits poorly on your strangely shaped body.
Your system is resistant to poisons. (rPois)
You cover ground very slowly.
You can spit poison.
You have a snake-like lower body.


Message History

You completely miss the kobold. The goblin hits you but does no damage.
The kobold barely misses you.
You punch the kobold!
You kill the kobold!
The goblin hits you but does no damage.
The kobold throws a stone.
The stone hits you.
You completely miss the endoplasm. The goblin barely misses you.
The kobold throws a stone.
The stone hits you. The endoplasm barely misses you.
You barely miss the endoplasm. The goblin hits you but does no damage.
The endoplasm freezes you.
You are frozen.
You closely miss the kobold. The goblin hits you with a +0 dagger.
The endoplasm freezes you.
You are frozen.
The kobold barely misses you.
You are too injured to fight recklessly!
You are too injured to fight recklessly!
You are too injured to fight recklessly!
You are too injured to fight recklessly!
You are too injured to fight recklessly!
The endoplasm barely misses you. The goblin attacks as it pursues you!
The goblin misses you.
The kobold hits you with a +3 dagger of venom.
* * * LOW HITPOINT WARNING * * *
The goblin hits you but does no damage.
The kobold hits you with a +3 dagger of venom.
* * * LOW HITPOINT WARNING * * *
You hit the kobold. You punch the kobold.
You kill the kobold!
The goblin barely misses you.
The endoplasm hits you but does no damage.
The endoplasm hits you.
* * * LOW HITPOINT WARNING * * *
The goblin hits you with a +0 dagger.
* * * LOW HITPOINT WARNING * * *
Things that are here:
a +3 dagger of venom; 3 stones You punch the goblin!
You kill the goblin!
The endoplasm hits you.
You die...

#.......##...#..#######
#.......##...........).
#......%##.#..#..####.#
#..................##..
#.......#.##.####...###
####.###..##..%......#.
#.....###.####....).
##..### #.# ##.....
##h# ##..#. #J)# #.....
###..#####.# ...####
#....)...... .... #
#...........>##.# #
#..........# #. #
#........... >
#...........
#...........


You could see an endoplasm.

Vanquished Creatures
  A dart slug (D:1)
  An endoplasm (D:1)
  2 giant cockroaches (D:1)
  3 goblins (D:1)
  2 bats (D:1)
  2 kobolds (D:1)
11 creatures vanquished.

Notes
Turn   | Place    | Note
-------+----------+-------------------------------------------
     0 | D:1      | Dvallin the Naga Shapeshifter began the quest for the Orb.
     0 | D:1      | Reached XP level 1. HP: 18/18 MP: 1/1
    65 | D:1      | Reached XP level 2. HP: 25/25 MP: 2/2
   137 | D:1      | HP: 1/25 [goblin/+0 dagger (1)]
   138 | D:1      | Slain by an endoplasm

Illustrated notes

Levels and vault maps discovered:
D:1:      minmay_arrival_five_plusses, layout_rooms

Action                     || total
---------------------------++-------
  Melee: Unarmed           ||    20
         Punch             ||     1
Ability: Spit Poison       ||     5
 Armour: Animal skin       ||    26
  Dodge: Dodged            ||    18
